 Dungeon Sprint DCSS version 0.24.0-125-gc4c63601f3 (webtiles) character file.

Game seed: 8242999855682656116, levelgen mode: deterministic

360749 Ponchio the Ruinous (level 15, 79/105 HPs)
             Began as a Deep Elf Earth Elementalist on Feb 29, 2020.
             Was the Champion of Vehumet.
             Escaped with the Orb!
             The game lasted 01:50:23 (7027 turns).

Ponchio the Ruinous (Deep Elf Earth Elementalist)   Turns: 7027, Time: 01:50:23

Health: 79/105     AC: 13    Str:  5    XL:     15   Next: 98%
Magic:  64/68      EV: 31    Int: 30    God:    Vehumet [******]
Gold:   3072       SH:  0    Dex: 15    Spells: 7/60 levels left

rFire    + + .     SeeInvis .   S - staff of power
rCold    + + .     Gourm    .   (no shield)
rNeg     . . .     Faith    .   P - +2 robe {MR+}
rPois    +         Spirit   .   A - +1 hat {Int+3}
rElec    +         Reflect  .   C - +1 cloak of Starlight {rElec rC+ EV+4 Stlth--}
rCorr    .         Harm     .   (no gloves)
MR       ++...     NoTele   +   c - +1 pair of boots {Fly}
Stlth    ..........             B - amulet of Gomike {RegenMP Fragile rF++ rC+ Slay+3}
HPRegen  0.27/turn              o - ring of magical power
MPRegen  0.66/turn              Q - ring of Grontol {Wiz rPois}

@: flying, hasted, very quick
A: thin metallic scales 1, yellow scales 1, blurry vision 1, MP-powered wands
0: Orb of Zot
a: Renounce Religion, Stop Flying


You escaped.
You worshipped Vehumet.
Vehumet was exalted by your worship.
You were hungry.

You visited 1 branch You collected 7703 gold pieces.
You spent 4631 gold pieces at shops.

Inventory:

Hand Weapons
 I - the cursed +3 flail of the Spider Nest {crush, rElec rF+}
   (You found it in the Dungeon)

   It inflicts extra damage upon your enemies.
   It protects you from fire.
   It insulates you from electricity.
   It has a curse placed upon it.
 J - the +6 trident "Porin" {drain, +Fly rN+}
   (You found it in the Dungeon)

   A truly terrible weapon, it drains the life of those it strikes.
   It protects you from negative energy.
   It lets you fly.
Missiles
 b - 134 stones (quivered)
Armour
 c - a +1 pair of boots of flying (worn)
 k - a scarf of cloud immunity
 A - a +1 hat of intelligence (worn)
 C - the +1 cloak of Starlight (worn) {rElec rC+ EV+4 Stlth--}
   (You bought it in a shop in the Dungeon)

   It affects your evasion (+4).
   It protects you from cold.
   It insulates you from electricity.
   It makes you much less stealthy.
 M - the cursed +0 large shield of Greater Demons {rF+ rCorr}
   (You found it in the Dungeon)

   It protects you from fire.
   It provides partial protection from all sources of acid and corrosion.
   It has a curse placed upon it.
 P - a +2 robe of magic resistance (worn)
Magical Staves
 x - an uncursed staff of cold
 y - an uncursed staff of fire
 G - an uncursed staff of wizardry
 H - an uncursed staff of energy
 O - an uncursed staff of conjuration
 S - an uncursed staff of power (weapon)
Jewellery
 o - a ring of magical power (left hand)
 t - an uncursed ring of fire {unknown}
 u - a +6 ring of intelligence
 B - the amulet of Gomike (around neck) {RegenMP Fragile rF++ rC+ Slay+3}
   (You bought it in a shop in the Dungeon)

   [amulet of magic regeneration]

   It increases your magic regeneration.
   It affects your accuracy and damage with ranged weapons and melee attacks
   (+3).
   It greatly protects you from fire.
   It protects you from cold.
   It will be destroyed if unequipped.
 D - the ring of Tender Moments {rElec EV+4}
   (You found it in the Dungeon)

   [ring of evasion]

   It affects your evasion (+4).
   It insulates you from electricity.
 E - a +4 amulet of reflection
 F - a cursed ring of attention {unknown}
 K - an uncursed ring of protection from magic {unknown}
 N - an uncursed ring of ice {unknown}
 Q - the ring of Grontol (right hand) {Wiz rPois}
   (You found it in the Dungeon)

   [ring of wizardry]

   It improves your spell success rate.
   It protects you from poison.
Scrolls
 f - a scroll of random uselessness
 g - 4 scrolls of remove curse
 j - 2 scrolls of blinking
 l - 2 scrolls of identify
 m - a scroll of fear
 n - 2 scrolls of fog
 s - a scroll of enchant weapon
Potions
 e - 5 potions of curing
 h - 20 potions of magic
 i - 2 potions of berserk rage
 p - 13 potions of flight
 q - 3 potions of lignification
 r - a potion of might
 v - 3 potions of resistance
 w - 30 potions of mutation
 z - 4 potions of haste
Comestibles
 d - 2 rations


   Skills:
 - Level 16.7 Fighting
 - Level 19.7 Dodging
 - Level 2.4 Stealth
 - Level 23.1 Spellcasting
 * Level 23.5 Conjurations
 - Level 1.2 Transmutations
 + Level 20.9 Ice Magic
 - Level 22.0 Earth Magic


You had 7 spell levels left.
You knew the following spells:

 Your Spells              Type           Power        Failure   Level  Hunger
a - Sandblast             Erth           ######       0%          1    None
b - Passwall              Tmut/Erth      #######.     0%          2    None
c - Stone Arrow           Conj/Erth      ######       0%          3    None
d - Petrify               Tmut/Erth      #######.     1%          4    None
e - Lee's Rapid Deconstr  Erth           ########..   0%          5    None
f - Iron Shot             Conj/Erth      ########..   0%          6    None
g - Statue Form           Tmut/Erth      #######..    1%          6    None
h - Shatter               Erth           ########..   1%          9    ######.
i - Lehudib's Crystal Sp  Conj/Erth      ########..   1%          8    ####...
j - Glaciate              Conj/Ice       ########..   1%          9    ######.

Your spell library contained the following spells:

 Spells                   Type           Power        Failure   Level  Hunger
 Ignition                 Fire           ####......   98%         8    ####...
 Tornado                  Air            ####......   100%        9    ######.
 Flame Tongue             Conj/Fire      #####        0%          1    None
 Freeze                   Ice            ####         0%          1    None
 Magic Dart               Conj           ####         0%          1    None
 Shock                    Conj/Air       ####         0%          1    None
 Searing Ray              Conj           ######       0%          2    None
 Throw Frost              Conj/Ice       ######       0%          2    None
 Dazzling Spray           Conj/Hex       ######       0%          3    None
 Iskenderun's Mystic Bla  Conj           ########     0%          4    None
 Throw Icicle             Conj/Ice       ########     0%          4    None
 Apportation              Tloc           ####..       1%          1    None
 Infusion                 Chrm           ####         1%          1    None
 Summon Butterflies       Summ           ####....     1%          1    None
 Shroud of Golubria       Chrm/Tloc      ####..       1%          2    None
 Song of Slaying          Chrm           ####....     1%          2    None
 Call Canine Familiar     Summ           ####....     1%          3    None
 Lesser Beckoning         Tloc           ####......   1%          3    None
 Mephitic Cloud           Conj/Pois/Air  ######..     1%          3    None
 Ozocubu's Armour         Chrm/Ice       #######.     1%          3    None
 Regeneration             Chrm/Necr      ####......   1%          3    None
 Spectral Weapon          Hex/Chrm       ####....     1%          3    None
 Tukima's Dance           Hex            ####....     1%          3    None
 Force Lance              Conj/Tloc      #######.     1%          4    None
 Fulminant Prism          Conj/Hex       #######...   1%          4    None
 Leda's Liquefaction      Hex/Erth       #######...   1%          4    None
 Summon Ice Beast         Ice/Summ       #######.     1%          4    None
 Bolt of Magma            Conj/Fire/Erth #######...   1%          5    None
 Iskenderun's Battlesphe  Conj/Chrm      #######.     1%          5    None
 Metabolic Englaciation   Hex/Ice        #######...   1%          5    None
 Poison Arrow             Conj/Pois      #######...   1%          6    None
 Alistair's Intoxication  Tmut/Pois      #####...     9%          5    None
 Summon Mana Viper        Hex/Summ       ####....     11%         5    None
 Invisibility             Hex            ####....     45%         6    None
 Summon Hydra             Summ           ####......   95%         7    #......
 Chain Lightning          Conj/Air       #######...   5%          8    ####...
 Fire Storm               Conj/Fire      #######...   54%         9    ######.


Dungeon Overview and Level Annotations

Branches:
Dungeon (1/1)

Altars:
Cheibriados
Dithmenos
Elyvilon
Fedhas
Gozag
Hepliaklqana
Kikubaaqudgha
Makhleb
Nemelex Xobeh
Okawaru
Qazlal
Ru
Sif Muna
Trog
Uskayaw
Vehumet
Wu Jian
Xom
Yredelemnul
Zin
The Shining One
Beogh
Jiyva
Lugonu

Shops:
D :(=!:(:[=}%?((?[=[%:=}!**(=:[(}!*:?!(


Innate Abilities, Weirdness & Mutations

You are partially covered in thin metallic scales. (AC +2)
You are partially covered in yellow scales. (AC +2)
Scrolls take you a little longer to read.
You expend magic power (3 MP) to strengthen your wands.


Message History

Aim: an Orb Guardian (severely wounded)
The crystal spear misses the Orb Guardian.
The Orb Guardian completely misses you.
Casting: Lehudib's Crystal Spear (safe; 1% risk of failure)
Confirm with . or Enter, or press ? or * to list all spells.
Aiming: Lehudib's Crystal Spear (safe; 1% risk of failure)
Press: ? - help, Shift-Dir - straight line, f/p - Orb Guardian
Aim: an Orb Guardian (severely wounded)
The crystal spear hits the Orb Guardian!!!
You kill the Orb Guardian!
Vehumet accepts your kill.
You feel your power returning.
You feel yourself speed up. Magic courses through your body.
You are feeling hungry.
Magic courses through your body.
There is an open door here.
There is an open door here.
There is a staircase leading out of the dungeon here.
You have escaped!

##########)≈#''○#+++#####....#.##
#########≈≈≈(.(..○°..#..'..^(#..#
∩.......#≈≈≈≈.##'##..#..####.#..#
.∩..)..∩#≈≈≈≈##..°##.####..'^##.#
∩.∩...∩.#≈≈≈≈#.##..#....#.)#...##
.∩.∩.∩.∩#≈≈####.######..#####.^##
..∩.∩.∩.#≈##.###'###.##..#..'..#.
...∩.∩..#≈#..###.##...#..#..#..#.
....⌠...)≈'##.'.@.'###'..####.^##
........#≈#..###.##...#....###...
▓▓▓▓▓▓###≈##.###'###.##......≈≈≈≈
?..######≈≈####.#.####≈≈...§.≈#'#
...#.['÷##≈≈≈#..#..#≈≈≈≈§§≈.§≈#..
∩..'..#'##'#≈##...##≈§§≈§§≈§.≈#..
).÷#.##§##(#≈≈##'##≈≈≈≈§§§≈§≈)#..
...###§§.####°≈≈≈≈≈≈≈≈§≈≈§≈§§≈#..
#)###≈§.≈≈#,#°''#+++#≈≈≈§≈§§§§#._


There were no monsters in sight!

Vanquished Creatures
  Gloorx Vloq (D)
  A greater mummy (D)
  A pandemonium lord (D)
  the Lernaean hydra (D)
  A curse toe (D)
  2 golden dragons (D)
  A bone dragon (D)
  A hellephant (D)
  An electric golem (D)
  2 Orb Guardians (D)
  A deep elf blademaster (D)
  3 quicksilver dragons (D)
  A deep elf master archer (D)
  2 sphinxes (D)
  Murray (D)
  Gastronok (D)
  A kraken (D)
  2 storm dragons (D)
  Roxanne (D)
  A cacodemon (D)
  A frost giant (D)
  An orc warlord (D)
  A draconian shifter (D)
  A vampire knight (D)
  Nessos (D)
  A dire elephant (D)
  3 lorocyprocas (D)
  A crystal guardian (D)
  A fire dragon (D)
  A deep elf high priest (D)
  A great orb of eyes (D)
  A centaur warrior (D)
  An ice dragon (D)
  A death yak (D)
  2 hell hogs (D)
  Sonja (D)
  4 sixfirhies (D)
  An iron golem (D)
  A skeletal warrior (D)
  A slime creature (D)
  2 deep trolls (D)
  2 death drakes (D)
  A glowing orange brain (D)
  2 unseen horrors (D)
  A harpy (D)
  3 orc sorcerers (D)
  15 shining eyes (D)
  3 toenail golems (D)
  3 manticores (D)
  An oklob plant (D)
  An eye of devastation (D)
  An ice statue (D)
  A kobold demonologist (D)
  2 spiny frogs (D)
  A red devil (D)
  3 polar bears (D)
  A hornet (D)
  2 tyrant leeches (D)
  3 hippogriffs (D)
  18 flying skulls (D)
  2 redbacks (D)
  2 wyverns (D)
  A golden eye (D)
  4 neqoxecs (D)
  Menkaure (D)
  3 soldier ants (D)
  10 floating eyes (D)
  2 swamp drakes (D)
  3 black bears (D)
  5 necrophages (D)
  3 crocodiles (D)
  2 earth elementals (D)
  9 electric eels (D)
  4 lava snakes (D)
  4 orc priests (D)
  A jelly (D)
  An iron imp (D)
  A hell rat (D)
  4 worker ants (D)
  A spectral bat (D)
  A spectral giant cockroach (D)
  A ballistomycete spore (D)
  5 tentacles (D)
188 creatures vanquished.

Vanquished Creatures (others)
  Kirke (D)
  A yaktaur captain (D)
  An elephant (D)
  A yaktaur (D)
  3 yaks (D)
  A crocodile (D)
  A ballistomycete spore (D)
  3 tentacles (D)
12 creatures vanquished.

Grand Total: 200 creatures vanquished

Notes
Turn   | Place    | Note
-------+----------+-------------------------------------------
     0 | D        | Ponchio the Deep Elf Earth Elementalist began the quest for
                  | the Orb.
     0 | D        | Reached XP level 1. HP: 10/10 MP: 6/6
     1 | D        | Noticed a tyrant leech
     1 | D        | Noticed a tyrant leech
     5 | D        | Noticed a necrophage
     5 | D        | Noticed a necrophage
     5 | D        | Noticed a necrophage
     5 | D        | Noticed a necrophage
    10 | D        | Killed a necrophage
    10 | D        | Reached skill level 5 in Spellcasting
    10 | D        | Reached XP level 2. HP: 8/14 MP: 2/10
    10 | D        | Reached XP level 3. HP: 10/18 MP: 2/11
    10 | D        | Reached XP level 4. HP: 13/23 MP: 2/13
    15 | D        | Killed a necrophage
    15 | D        | Reached XP level 5. HP: 16/27 MP: 11/15
    17 | D        | Killed a necrophage
    20 | D        | Killed a necrophage
    20 | D        | Reached XP level 6. HP: 15/31 MP: 7/18
    24 | D        | Learned a level 2 spell: Passwall
    28 | D        | Learned a level 3 spell: Stone Arrow
    33 | D        | Learned a level 4 spell: Petrify
    39 | D        | Learned a level 5 spell: Lee's Rapid Deconstruction
   301 | D        | Noticed a neqoxec
   302 | D        | Noticed a neqoxec
   303 | D        | Killed a neqoxec
   303 | D        | Reached XP level 7. HP: 35/35 MP: 9/22
   304 | D        | Killed a neqoxec
   304 | D        | Reached skill level 10 in Spellcasting
   304 | D        | Noticed a neqoxec
   308 | D        | Noticed a neqoxec
   308 | D        | Killed a neqoxec
   308 | D        | Reached skill level 15 in Earth Magic
   308 | D        | Killed a neqoxec
   447 | D        | Killed a tyrant leech
   447 | D        | Reached XP level 8. HP: 40/40 MP: 9/27
   540 | D        | Killed a tyrant leech
   656 | D        | Noticed an ice statue
   658 | D        | Noticed Menkaure
   670 | D        | Killed Menkaure
   731 | D        | Killed an ice statue
   731 | D        | Reached skill level 15 in Spellcasting
   769 | D        | Found Dasmues's Antique Armour Shop.
   769 | D        | Found Dusosel's Distillery.
   769 | D        | Found Fiqaf's Gadget Shop.
   769 | D        | Found Cethrot's Antique Weapon Boutique.
   769 | D        | Found Ithugesa's Book Boutique.
   769 | D        | Found Eteejeeh's Antique Weapon Boutique.
   770 | D        | Found Wimp's Jewellery Shop.
   770 | D        | Found Saddat's Book Boutique.
   770 | D        | Found Soled's Food Shop.
   771 | D        | Found Buezem's Antique Armour Shop.
   771 | D        | Found Vengerio's Magic Scroll Boutique.
   790 | D        | Found Gobbun's Gadget Boutique.
   790 | D        | Found Emyider's Jewellery Shop.
   790 | D        | Noticed an oklob plant
   791 | D        | Found Causin's Distillery.
   791 | D        | Found Jiheov's Book Shoppe.
   791 | D        | Found Jouh's Jewellery Boutique.
   805 | D        | Bought a book of the Earth for 910 gold pieces
   812 | D        | Learned a level 6 spell: Iron Shot
   822 | D        | Bought a scroll of magic mapping for 49 gold pieces
  1116 | D        | Noticed Kirke
  1116 | D        | Noticed a kobold demonologist
  1116 | D        | Noticed a skeletal warrior
  1117 | D        | Noticed a centaur warrior
  1118 | D        | Killed a kobold demonologist
  1118 | D        | Reached skill level 10 in Dodging
  1118 | D        | Reached XP level 9. HP: 44/44 MP: 19/30
  1118 | D        | Noticed a yaktaur captain
  1119 | D        | Killed a skeletal warrior
  1119 | D        | Noticed an elephant
  1140 | D        | Killed Kirke
  1320 | D        | Killed an elephant
  1332 | D        | Killed a yaktaur captain
  1340 | D        | Killed a centaur warrior
  1537 | D        | Bought a ration for 70 gold pieces
  1562 | D        | Found a snail-covered altar of Cheibriados.
  1563 | D        | Found a shadowy altar of Dithmenos.
  1590 | D        | Found a white marble altar of Elyvilon.
  1590 | D        | Found an ancient bone altar of Kikubaaqudgha.
  1590 | D        | Found a roughly hewn altar of Beogh.
  1590 | D        | Found a viscous altar of Jiyva.
  1591 | D        | Found a blossoming altar of Fedhas.
  1591 | D        | Found a corrupted altar of Lugonu.
  1591 | D        | Found a shimmering blue altar of Sif Muna.
  1592 | D        | Found an opulent altar of Gozag.
  1592 | D        | Found a burning altar of Makhleb.
  1592 | D        | Found a bloodstained altar of Trog.
  1593 | D        | Found a sparkling altar of Nemelex Xobeh.
  1593 | D        | Found a hide-covered altar of Uskayaw.
  1594 | D        | Found a basalt altar of Yredelemnul.
  1595 | D        | Found an iron altar of Okawaru.
  1595 | D        | Found a radiant altar of Vehumet.
  1595 | D        | Found a glowing silver altar of Zin.
  1595 | D        | Found a hazy altar of Hepliaklqana.
  1595 | D        | Found a sacrificial altar of Ru.
  1595 | D        | Found a shimmering altar of Xom.
  1595 | D        | Noticed a polar bear
  1595 | D        | Noticed a polar bear
  1596 | D        | Found a stormy altar of Qazlal.
  1596 | D        | Found an ornate altar of the Wu Jian Council.
  1596 | D        | Found a glowing golden altar of the Shining One.
  1596 | D        | Noticed a yaktaur
  1596 | D        | Noticed a polar bear
  1606 | D        | Killed a polar bear
  1606 | D        | Killed a polar bear
  1608 | D        | Killed a polar bear
  1608 | D        | Reached skill level 5 in Fighting
  1608 | D        | Reached XP level 10. HP: 58/58 MP: 12/31
  1644 | D        | Became a worshipper of Vehumet
  1729 | D        | Noticed a kraken
  1738 | D        | Killed a kraken
  1902 | D        | Reached * piety under Vehumet
  1902 | D        | Offered knowledge of Magic Dart by Vehumet.
  1991 | D        | Learned a level 6 spell: Statue Form
  2013 | D        | Reached ** piety under Vehumet
  2018 | D        | Offered knowledge of Throw Flame by Vehumet.
  2019 | D        | Reached *** piety under Vehumet
  2135 | D        | Noticed a sixfirhy
  2248 | D        | Bought an uncursed ring of magical power for 240 gold
                  | pieces
  2298 | D        | Learned a level 9 spell: Shatter
  2357 | D        | Noticed a deep troll
  2358 | D        | Noticed a deep troll
  2361 | D        | Killed a deep troll
  2361 | D        | Offered knowledge of Searing Ray by Vehumet.
  2362 | D        | Killed a deep troll
  2362 | D        | Reached **** piety under Vehumet
  2517 | D        | Noticed a sphinx
  2518 | D        | Noticed a sphinx
  2522 | D        | Killed a sphinx
  2522 | D        | Offered knowledge of Airstrike by Vehumet.
  2522 | D        | Reached XP level 11. HP: 59/68 MP: 12/35
  2522 | D        | Killed a sphinx
  2600 | D        | Noticed a death drake
  2601 | D        | Killed a death drake
  2601 | D        | Reached ***** piety under Vehumet
  2601 | D        | Killed a death drake
  2682 | D        | Noticed a crystal guardian
  2683 | D        | Killed a crystal guardian
  2683 | D        | Offered knowledge of Inner Flame by Vehumet.
  2697 | D        | Noticed a hell hog
  2697 | D        | Noticed a hell hog
  2699 | D        | Killed a hell hog
  2699 | D        | Killed a hell hog
  2717 | D        | Noticed an ice dragon
  2772 | D        | Noticed a deep elf master archer
  2774 | D        | Killed a deep elf master archer
  2774 | D        | Offered knowledge of Orb of Destruction by Vehumet.
  2774 | D        | Reached XP level 12. HP: 74/74 MP: 36/38
  2879 | D        | Killed an ice dragon
  2928 | D        | Found Sokomem's Book Shoppe.
  2929 | D        | Found Monuomp's General Store.
  2966 | D        | Found Caic's Magic Scroll Shoppe.
  2967 | D        | Found Sakkojiw's Antique Weapon Shop.
  2968 | D        | Noticed Nessos
  2970 | D        | Killed Nessos
  3029 | D        | Offered knowledge of Bolt of Cold by Vehumet.
  3062 | D        | Noticed Gastronok
  3066 | D        | Killed Gastronok
  3066 | D        | Reached skill level 15 in Dodging
  3123 | D        | Noticed a dire elephant
  3125 | D        | Reached skill level 10 in Fighting
  3129 | D        | Killed a dire elephant
  3143 | D        | Identified the Almanac of the Glacier and Attacks
  3148 | D        | Got a clouded glass ring
  3158 | D        | Identified An Introduction to Spellweaving
  3213 | D        | Identified 4 scrolls of acquirement
  3402 | D        | Got a transparent dagger
  3404 | D        | Got a crystal flail
  3409 | D        | Got a crystal trident
  3523 | D        | Bought a book of Annihilations for 1545 gold pieces
  3532 | D        | Learned a level 8 spell: Lehudib's Crystal Spear
  3556 | D        | Bought a scroll of remove curse for 42 gold pieces
  3556 | D        | Bought a scroll of remove curse for 42 gold pieces
  3556 | D        | Bought 3 scrolls of remove curse for 126 gold pieces
  3556 | D        | Bought 3 scrolls of identify for 84 gold pieces
  3564 | D        | Identified the cursed +0 dagger "Zyop" {pain, rPois} (You
                  | found it in the Dungeon)
  3566 | D        | Identified the cursed +3 flail of the Spider Nest {crush,
                  | rElec rF+} (You found it in the Dungeon)
  3568 | D        | Identified the ring of Tender Moments {rElec EV+4} (You
                  | found it in the Dungeon)
  3570 | D        | Identified the +6 trident "Porin" {drain, +Fly rN+} (You
                  | found it in the Dungeon)
  3647 | D        | Noticed a storm dragon
  3654 | D        | Killed a storm dragon
  3733 | D        | Noticed a bone dragon
  3733 | D        | Noticed a golden dragon
  3744 | D        | Killed a bone dragon
  3744 | D        | Offered knowledge of Fireball by Vehumet.
  3744 | D        | Reached skill level 10 in Conjurations
  3832 | D        | Noticed a deep elf high priest
  3832 | D        | Noticed a cacodemon
  3832 | D        | Noticed a frost giant
  3838 | D        | Killed a frost giant
  3838 | D        | Reached XP level 13. HP: 59/83 MP: 26/40
  3841 | D        | Killed a golden dragon
  3842 | D        | Reached ****** piety under Vehumet
  3845 | D        | Killed a cacodemon
  4140 | D        | Noticed a fire dragon
  4142 | D        | Offered knowledge of Freezing Cloud by Vehumet.
  4142 | D        | Gained mutation: You expend magic power (3 MP) to
                  | strengthen your wands. [a shining eye]
  4149 | D        | Killed a fire dragon
  4199 | D        | Found Mimom's Book Emporium.
  4199 | D        | Found Fithe's Book Shop.
  4199 | D        | Found Mufihua's Weapon Shop.
  4199 | D        | Found Allec's Armour Shoppe.
  4199 | D        | Found Cicsod's Weapon Boutique.
  4200 | D        | Found Seve's Antique Weapon Shoppe.
  4200 | D        | Found Luseblu's Jewellery Boutique.
  4200 | D        | Found Codoned's Jewellery Emporium.
  4200 | D        | Found Zagebroniy's General Store.
  4200 | D        | Found Wechip's Antique Armour Emporium.
  4200 | D        | Found Qouse's Gadget Shop.
  4200 | D        | Found Qyrghask's Assorted Antiques.
  4205 | D        | Bought the amulet of Gomike {RegenMP Fragile rF++ rC+
                  | Slay+3} for 890 gold pieces
  4214 | D        | Bought the +1 cloak of Starlight {rElec rC+ EV+4 Stlth--}
                  | for 578 gold pieces
  4214 | D        | Found the +1 cloak of Starlight {rElec rC+ EV+4 Stlth--}
  4259 | D        | Noticed a golden dragon
  4264 | D        | Killed a golden dragon
  4317 | D        | Found Azolukiv's Antique Weapon Boutique.
  4317 | D        | Found Jisipibi's Distillery.
  4317 | D        | Found Seizyibb's Magic Scroll Shop.
  4317 | D        | Found Curu Ban's Distillery.
  4317 | D        | Noticed a storm dragon
  4320 | D        | Killed a storm dragon
  4320 | D        | Offered knowledge of Bolt of Fire by Vehumet.
  4327 | D        | Bought a potion of heal wounds for 55 gold pieces
  4412 | D        | Noticed an electric golem
  4428 | D        | Killed an electric golem
  4599 | D        | Got a warped large shield
  4637 | D        | Identified the cursed +0 large shield of Greater Demons
                  | {rF+ rCorr} (You found it in the Dungeon)
  4661 | D        | Offered knowledge of Conjure Ball Lightning by Vehumet.
  4663 | D        | Reached XP level 14. HP: 96/96 MP: 39/43
  4667 | D        | Reached skill level 15 in Fighting
  4769 | D        | Got a scorched steel ring
  4770 | D        | Identified the ring of Grontol {Wiz rPois} (You found it in
                  | the Dungeon)
  4797 | D        | Noticed Roxanne
  4804 | D        | Killed Roxanne
  4804 | D        | Offered knowledge of Ozocubu's Refrigeration by Vehumet.
  4839 | D        | Noticed an orc warlord
  4844 | D        | Noticed the 27-headed Lernaean hydra
  4911 | D        | Killed an orc warlord
  4911 | D        | Offered knowledge of Tornado by Vehumet.
  4911 | D        | Offered knowledge of Ignition by Vehumet.
  4991 | D        | Killed the 27-headed Lernaean hydra
  5001 | D        | Found Toly's Food Shoppe.
  5196 | D        | Learned a level 9 spell: Glaciate
  5205 | D        | Reached skill level 5 in Ice Magic
  5314 | D        | Reached skill level 10 in Ice Magic
  5335 | D        | Noticed a deep elf blademaster
  5340 | D        | Killed a deep elf blademaster
  5473 | D        | Noticed Sonja
  5473 | D        | Noticed a hellephant
  5474 | D        | Noticed a white draconian shifter
  5477 | D        | Killed Sonja
  5480 | D        | Killed a hellephant
  5481 | D        | Killed a white draconian shifter
  5481 | D        | Reached skill level 15 in Ice Magic
  5661 | D        | Gained mutation: You are frail. (-10% HP) [a shining eye]
  5661 | D        | Gained mutation: Armour fits poorly on your strangely
                  | shaped body. [a shining eye]
  5674 | D        | Paralysed by a floating eye for 4 turns
  5679 | D        | Lost mutation: You expend magic power (3 MP) to strengthen
                  | your wands. [a shining eye]
  5716 | D        | Gained mutation: Potions are less effective at restoring
                  | your health. [a shining eye]
  5722 | D        | Paralysed by a floating eye for 2 turns
  5728 | D        | Gained mutation: You are very frail. (-20% HP) [a shining
                  | eye]
  5730 | D        | Gained mutation: Your spells are a little easier to cast,
                  | but a little less powerful. [a shining eye]
  5731 | D        | Gained mutation: You do not regenerate when monsters are
                  | visible. [a shining eye]
  5731 | D        | Lost mutation: Armour fits poorly on your strangely shaped
                  | body. [a shining eye]
  5732 | D        | Gained mutation: You are extremely frail. (-30% HP) [a
                  | shining eye]
  5733 | D        | Gained mutation: Scrolls take you a little longer to read.
                  | [a shining eye]
  5734 | D        | Gained mutation: Your magical capacity is low. (-10% MP) [a
                  | shining eye]
  5736 | D        | Gained mutation: Your spells are easier to cast, but less
                  | powerful. [a shining eye]
  5851 | D        | Lost mutation: Scrolls take you a little longer to read.
                  | [potion of mutation]
  5851 | D        | Lost mutation: Your spells are easier to cast, but less
                  | powerful. [potion of mutation]
  5851 | D        | Lost mutation: You are extremely frail. (-30% HP) [potion
                  | of mutation]
  5851 | D        | Lost mutation: Your magical capacity is low. (-10% MP)
                  | [potion of mutation]
  5851 | D        | Gained mutation: Scrolls take you a little longer to read.
                  | [potion of mutation]
  5851 | D        | Gained mutation: You are resistant to hostile enchantments.
                  | (MR+) [potion of mutation]
  5852 | D        | Lost mutation: Your spells are a little easier to cast, but
                  | a little less powerful. [potion of mutation]
  5852 | D        | Lost mutation: Potions are less effective at restoring your
                  | health. [potion of mutation]
  5852 | D        | Lost mutation: You are resistant to hostile enchantments.
                  | (MR+) [potion of mutation]
  5852 | D        | Gained mutation: You occasionally shout uncontrollably at
                  | your foes. [potion of mutation]
  5852 | D        | Gained mutation: Your body sometimes deteriorates upon
                  | taking damage. [potion of mutation]
  5852 | D        | Gained mutation: You have a beak for a mouth. [potion of
                  | mutation]
  5853 | D        | Lost mutation: Scrolls take you a little longer to read.
                  | [potion of mutation]
  5853 | D        | Lost mutation: You are very frail. (-20% HP) [potion of
                  | mutation]
  5853 | D        | Lost mutation: You are frail. (-10% HP) [potion of
                  | mutation]
  5853 | D        | Lost mutation: You have a beak for a mouth. [potion of
                  | mutation]
  5853 | D        | Lost mutation: Your body sometimes deteriorates upon taking
                  | damage. [potion of mutation]
  5853 | D        | Gained mutation: Your muscles are strong. (Str +2) [potion
                  | of mutation]
  5853 | D        | Gained mutation: You are frail. (-10% HP) [potion of
                  | mutation]
  5853 | D        | Lost mutation: You do not regenerate when monsters are
                  | visible. [potion of mutation]
  5854 | D        | Lost mutation: Your muscles are strong. (Str +2) [potion of
                  | mutation]
  5854 | D        | Lost mutation: You are frail. (-10% HP) [potion of
                  | mutation]
  5854 | D        | Lost mutation: You occasionally shout uncontrollably at
                  | your foes. [potion of mutation]
  5854 | D        | Gained mutation: You are partially covered in yellow
                  | scales. (AC +2) [potion of mutation]
  5854 | D        | Gained mutation: You expend magic power (3 MP) to
                  | strengthen your wands. [potion of mutation]
  5854 | D        | Gained mutation: Scrolls take you a little longer to read.
                  | [potion of mutation]
  5854 | D        | Gained mutation: You are partially covered in thin metallic
                  | scales. (AC +2) [potion of mutation]
  5970 | D        | Noticed a quicksilver dragon
  5970 | D        | Noticed a quicksilver dragon
  5971 | D        | Reached skill level 15 in Conjurations
  5974 | D        | Killed a quicksilver dragon
  5974 | D        | Reached XP level 15. HP: 53/105 MP: 44/44
  5976 | D        | Killed a quicksilver dragon
  6504 | D        | Noticed a quicksilver dragon
  6509 | D        | Killed a quicksilver dragon
  6582 | D        | Noticed Murray
  6585 | D        | Killed Murray
  6617 | D        | Noticed a greater mummy
  6617 | D        | Noticed a curse toe
  6617 | D        | Noticed Gloorx Vloq
  6620 | D        | Killed a curse toe
  6626 | D        | Noticed an Executioner
  6626 | D        | Noticed an Executioner
  6627 | D        | Noticed an Executioner
  6627 | D        | Noticed an Executioner
  6627 | D        | Noticed an Executioner
  6627 | D        | Killed Gloorx Vloq
  6627 | D        | Paralysed by a vampire knight for 5 turns
  6634 | D        | Killed a greater mummy
  6947 | D        | Got the Orb of Zot
  6968 | D        | Noticed Odaemy the pandemonium lord
  6972 | D        | Killed Odaemy the pandemonium lord
  6991 | D        | Noticed an Orb Guardian
  6993 | D        | Noticed an Orb Guardian
  6998 | D        | Killed an Orb Guardian
  7001 | D        | Killed an Orb Guardian
  7027 | D        | Escaped with the Orb!

Levels and vault maps discovered:
D:        the_violet_keep_of_menkaure [sprint2_stairs_cluster_1,
          sprint2_shoproom, sprint2_temple, sprint2_basic_supplies,
          sprint2_obstacle_5, sprint2_obstacle_7, sprint2_obstacle_2,
          sprint2_obstacle_6, sprint2_obstacle_1, sprint2_timed_cluster_1,
          sprint2_smallroom_cluster_1, sprint2_smallroom_final_cluster_1,
          sprint2_transparent_cluster_1, sprint2_second_timed_cluster_1,
          sprint2_sniper_area_1, sprint2_heavy_combat_area_1,
          sprint2_mutation_trap_area_1, sprint2_forest_area_1,
          sprint2_light_combat_area_1, sprint2_behind_water_1,
          sprint2_near_end_vault_1]

Skill      XL: |  1  2  3  4  5  6  7  8  9 10 11 12 13 14 15 |
---------------+----------------------------------------------+-----
Spellcasting   | 5 6 7 9 13 15 18 20 21 23 | 23.1
Earth Magic    | 9 11 13 14 15 17 20 21 22 | 22.0
Dodging        | 10 14 15 18 19 | 19.7
Fighting       | 5 8 10 14 16 | 16.7
Conjurations   | 11 15 23 | 23.5
Ice Magic      | 16 20 | 20.9
Stealth        | |  2.4
Transmutations | |  1.2

Action                   |  1- 3 |  4- 6 |  7- 9 | 10-12 | 13-15 || total
-------------------------+-------+-------+-------+-------+-------++-------
Melee: Staff             |       |       |       |       |     1 ||     1
 Cast: Sandblast         |     3 |    10 |       |       |     2 ||    15
       Lee's Rapid Decon |       |     4 |    26 |    49 |    53 ||   132
       Iron Shot         |       |       |       |    24 |    26 ||    50
       Statue Form       |       |       |       |    12 |    13 ||    25
       Lehudib's Crystal |       |       |       |       |    66 ||    66
       Petrify           |       |       |       |       |     1 ||     1
       Glaciate          |       |       |       |       |     1 ||     1
       Shatter           |       |       |       |       |     1 ||     1
  Use: Potion            |     1 |     1 |       |     2 |    17 ||    21
       Scroll            |       |       |     1 |    22 |     6 ||    29
  Eat: Ration            |       |       |     1 |     1 |     5 ||     7
       Chunk             |       |       |     1 |     7 |     1 ||     9
Armor: Robe              |       |     1 |       |       |     2 ||     3
       Skin              |       |       |       |    27 |    75 ||   102
Dodge: Dodged            |     1 |     2 |     2 |    45 |   167 ||   217
Block: Other             |       |       |       |     3 |     1 ||     4
